 Dungeon Crawl Stone Soup version 0.30.1-11-g7821555f0a (webtiles) character file.

Game seed: 13430698804535151786

618 4298826198 the Cudgeller (level 7, -2/61 HPs)
             Began as a Minotaur Berserker on Jan 18, 2024.
             Was a Priest of Trog.
             Killed by divine providence
             ... invoked by an orc priest
              (13 damage)
             ... on level 5 of the Dungeon.
             The game lasted 00:14:50 (2416 turns).

4298826198 the Cudgeller (Minotaur Berserker)       Turns: 2416, Time: 00:14:54

Health: -2/61      AC:  4    Str: 29    XL:     7   Next: 21%
Magic:  6/6        EV: 12    Int:  4    God:    Trog [***...]
Gold:   37         SH:  0    Dex: 10    Spells: 6/6 levels left

rFire   . . .        a - +0 mace
rCold   . . .        (no shield)
rNeg    + . .        l - +0 leather armour of Zehusoagh {rN+ Will+}
rPois   .            (helmet restricted)
rElec   .            (no cloak)
rCorr   .            (no gloves)
SInv    .            h - +0 pair of boots
Will    +++..        (no amulet)
Stlth   +            c - +6 ring of strength
HPRegen 1.30/turn    (no ring)
MPRegen 0.10/turn

%: no passive effects
@: strong-willed, on berserk cooldown, regenerating, slowed, very slow
A: horns 2, retaliatory headbutt
a: Renounce Religion, Berserk, Trog's Hand


You were on level 5 of the Dungeon.
You worshipped Trog.
Trog was most pleased with you.
You visited 2 branches of the dungeon, and saw 6 of its levels.
You also visited: Ossuary.

You collected 37 gold pieces.

Inventory:

Hand Weapons
 a - a +0 mace (weapon)
Armour
 b - a +0 animal skin
 h - a +0 pair of boots (worn)
 l - the +0 leather armour of Zehusoagh (worn) {rN+ Will+}
   (You found it on level 4 of the Dungeon)

   rN:        It protects you from negative energy.
   Will:      It increases your willpower.
Jewellery
 c - a +6 ring of strength (left hand)
 n - an amulet of faith
Scrolls
 g - 2 scrolls of fear {unknown}
 p - 2 scrolls of identify {unknown}
 q - a scroll of fog {unknown}
Potions
 d - 2 potions of attraction {unknown}
 e - a potion of brilliance {unknown}
 f - a potion of resistance {unknown}
 i - a potion of berserk rage {unknown}
 j - 2 potions of might {unknown}
 k - 3 potions of curing (quivered) {unknown}
 m - a potion of cancellation {unknown}
 o - 2 potions of ambrosia {unknown}
 r - a potion of heal wounds {unknown}


   Skills:
 + Level 5.6 Fighting
 + Level 7.3 Maces & Flails
 + Level 3.7 Armour
 + Level 4.3 Dodging
 + Level 0.6 Stealth


You had 6 spell levels left.
You didn't know any spells.
Your spell library was empty.

Dungeon Overview and Level Annotations

Branches:
Dungeon (5/15)             Temple (1/1) D:4         Ossuary (visited)

Altars:
Ashenzari
Cheibriados
Dithmenos
Elyvilon
Gozag
Hepliaklqana
Kikubaaqudgha
Makhleb
Okawaru
Qazlal
Sif Muna
Trog
Uskayaw
Wu Jian
Xom
Yredelemnul
Zin
The Shining One


Innate Abilities, Weirdness & Mutations

You have a pair of horns on your head.
You reflexively headbutt those who attack you in melee.


Message History

The orc hits you with a +0 whip.
* * * LOW HITPOINT WARNING * * *
The orc wizard mumbles some strange words.
The orc wizard flickers and vanishes!
Deactivating autopickup; reactivate with Ctrl-A.
The orc throws a boomerang.
The boomerang hits you.
* * * LOW HITPOINT WARNING * * *
You are too berserk!
You are too berserk!
You feel your anger nearly subside.
You are no longer berserk.
You are exhausted.
You feel yourself slow down.
The orc throws a boomerang.
The boomerang barely misses you.
Your skin crawls.
You feel strong-willed.
The orc wizard gestures wildly while chanting.
The orc wizard flickers and vanishes!
Okay, then.
Something hits you but does no damage.
The orc throws a boomerang.
The boomerang hits you but does no damage.
Your skin crawls.
You feel strong-willed.
You can no longer call in reinforcements.
Something hits you but does no damage. The orc hits you with a +0 club.
Your skin crawls.
You feel strong-willed. The orc hits you with a +0 club. Something hits you.
You hit the orc but do no damage. You headbutt the orc.
The orc is lightly wounded.
The orc hits you with a +0 whip.
* * * LOW HITPOINT WARNING * * *
The orc hits you with a +0 club.
* * * LOW HITPOINT WARNING * * *
Something hits you.
* * * LOW HITPOINT WARNING * * *
The orc completely misses you. The orc barely misses you.
Something hits you but does no damage. The orc barely misses you.
The orc priest mumbles some strange prayers to Beogh against you.
Beogh smites you!
You die...

##.....# #......#
#.....## ##..#...###
### #.....#...###.###
.#.#.....#....#....#
......##.....o{...##
........)...o.@....#
...##...)....oo....##
.....##.......##...#
...............#...###
.#......#...#........#
...##
......###...##.......#
....# ......
#....#.....#.## #..###
..##.
#.........##..####....#
.............#....#


You could see an orc priest and 3 orcs.

Vanquished Creatures
  A sky beast (D:4)
  A phantom (D:5)
  An elf zombie (Ossuary)
  A centaur zombie (Ossuary)
  A hound (D:4)
  2 orc priests (D:5)
  A sleepcap (D:5)
  An orc wizard (D:5)
  2 mummies (Ossuary)
  3 adders (D:2)
  3 gnolls (D:2)
  A shadow imp (D:5)
  3 worms
  A dart slug (D:1)
  9 orcs
  5 ball pythons
  3 bats
  5 endoplasms
  A giant cockroach (D:2)
  8 hobgoblins
  12 jackals
  3 quokkas
  11 goblins
  3 goblin zombies (Ossuary)
  11 hobgoblin zombies (Ossuary)
  2 jackal zombies (Ossuary)
  5 kobolds
  8 kobold zombies (Ossuary)
  8 orc zombies (Ossuary)
  2 rats
  2 rat zombies (Ossuary)
120 creatures vanquished.

Notes
Turn   | Place    | Note
-------+----------+-------------------------------------------
     0 | D:1      | 4298826198 the Minotaur Berserker began the quest for the
                  | Orb.
     0 | D:1      | Reached XP level 1. HP: 19/19 MP: 0/0
   165 | D:1      | Reached XP level 2. HP: 27/27 MP: 1/1
   167 | D:1      | Reached skill level 4 in Maces & Flails
   422 | D:2      | Reached ** piety under Trog
   423 | D:2      | Reached XP level 3. HP: 31/33 MP: 2/2
   525 | D:2      | Reached XP level 4. HP: 18/40 MP: 3/3
   532 | D:2      | Found a stormy altar of Qazlal.
   820 | D:2      | Reached skill level 5 in Maces & Flails
  1446 | D:4      | Identified the +0 leather armour of Zehusoagh {rN+ Will+}
  1490 | D:5      | Entered Level 5 of the Dungeon
  1538 | D:4      | Reached XP level 5. HP: 42/47 MP: 4/4
  1635 | D:4      | Found a sand-covered staircase.
  1643 | D:4      | Reached *** piety under Trog
  1657 | Ossuary  | Entered an ossuary
  1812 | Ossuary  | Reached skill level 5 in Fighting
  1823 | Ossuary  | Reached skill level 6 in Maces & Flails
  1823 | Ossuary  | Reached XP level 6. HP: 53/56 MP: 5/5
  1830 | Ossuary  | Reached **** piety under Trog
  2054 | D:4      | Found a staircase to the Ecumenical Temple.
  2071 | Temple   | Entered the Ecumenical Temple
  2177 | D:4      | Noticed a sky beast
  2185 | D:4      | Killed a sky beast
  2359 | D:5      | Reached skill level 7 in Maces & Flails
  2359 | D:5      | Reached XP level 7. HP: 61/61 MP: 6/6
  2416 | D:5      | Killed from afar by an orc priest

Illustrated notes

Levels and vault maps discovered:
D:1:      enne_arrival_octagon_isle, layout_basic, serial_aquarium,
          aquarium_bridge_long_joined [aquarium_subvault_window,
          aquarium_subvault_bridge, aquarium_subvault_bridge,
          aquarium_subvault_window, aquarium_subvault_bridge,
          aquarium_subvault_bridge], aquarium_window_3, aquarium_window_2,
          aquarium_window_1, aquarium_view_2c, hex_intersection
D:2:      layout_loops_ring, basic_altar, corexii_item_surrounded_by_moat,
          minmay_pentomino_pile
D:3:      layout_loops_cross
D:4:      layout_basic, minmay_temple_entry_tees, enter_ossuary_2
D:5:      layout_cave_pools
Temple:   compressed_dpeg_triangle_lava_temple

Skill      XL: |  1  2  3  4  5  6 |
---------------+-------------------+-----
Maces & Flails | 4 5 6 7 |  7.3
Fighting       | 4 5 |  5.6
Armour         | 3 |  3.7
Dodging        | 3 4 |  4.3
Stealth        | |  0.6

Action                     |  1- 3 |  4- 6 |  7- 9 || total
---------------------------+-------+-------+-------++-------
  Melee: Mace              |    48 |   163 |    15 ||   226
         Punch             |     2 |     2 |     1 ||     5
         Headbutt          |     3 |    25 |     4 ||    32
 Invoke: Berserk           |     1 |     2 |     1 ||     4
         Trog's Hand       |       |       |     3 ||     3
 Armour: Animal skin       |    13 |    20 |       ||    33
         Leather armour    |       |    36 |     8 ||    44
  Dodge: Dodged            |    44 |   131 |    18 ||   193
